 Dungeon Crawl Stone Soup version 0.27-a0-577-ge2a43ba0c9 (webtiles) character file.

Game seed: 4676387189746214007

33 siradein the Cudgeller (level 3, 0/36 HPs)
             Began as an Ogre Gladiator on Mar 10, 2021.
             Slain by Sigmund
             ... wielding a +0 scythe
              (1 damage)
             ... on level 2 of the Dungeon.
             The game lasted 00:02:19 (1139 turns).

siradein the Cudgeller (Ogre Gladiator)             Turns: 1139, Time: 00:02:19

Health: 0/36       AC:  3    Str: 19    XL:     3   Next: 29%
Magic:  3/3        EV: 10    Int:  9    God:
Gold:   53         SH:  0    Dex: 10    Spells: 2/2 levels left

rFire    . . .     SeeInvis .   a - +0 flail
rCold    . . .     Faith    .   (no shield)
rNeg     . . .     Spirit   .   b - +0 robe
rPois    .         Reflect  .   c - +0 hat
rElec    .         Harm     .   (no cloak)
rCorr    .         Rampage  .   (gloves unavailable)
Will     .....                  (boots unavailable)
Stlth    +.........             (no amulet)
HPRegen  0.12/turn              (no ring)
MPRegen  0.08/turn              (no ring)

@: no status effects
A: large, unfitting armour, tough skin 1
a: no special abilities


You were on level 2 of the Dungeon.
You visited 1 branch of the dungeon, and saw 2 of its levels.

You collected 53 gold pieces.

Inventory:

Hand Weapons
 a - a +0 flail (weapon)
Missiles
 d - 3 throwing nets (quivered)
Armour
 b - a +0 robe (worn)
 c - a +0 hat (worn)
Scrolls
 f - a scroll of amnesia {unknown}
Potions
 e - a potion of curing {unknown}
 g - a potion of resistance {unknown}
 h - a potion of might {unknown}


   Skills:
 - Level 2.6 Fighting
 + Level 3.9 Maces & Flails
 - Level 2.0 Throwing
 - Level 2.6 Dodging


You had 2 spell levels left.
You didn't know any spells.
Your spell library was empty.

Dungeon Overview and Level Annotations

Branches:
Dungeon (2/15)

Altars:

Annotations:
D:2 Sigmund


Innate Abilities, Weirdness & Mutations

You are too large for most types of armour.
You have tough skin. (AC +1)


Message History

You closely miss Sigmund.
Sigmund is lightly wounded.
Sigmund closely misses you.
You hit Sigmund.
Sigmund is lightly wounded.
The hobgoblin hits you. Sigmund barely misses you.
You hit Sigmund but do no damage.
Sigmund is lightly wounded.
The hobgoblin hits you.
You barely miss Sigmund.
Sigmund is lightly wounded.
Sigmund hits you with a +0 scythe. The hobgoblin hits you.
* * * LOW HITPOINT WARNING * * *
The hobgoblin hits you.
* * * LOW HITPOINT WARNING * * *
Sigmund misses you.
Found a stone staircase leading up.
Sigmund points at you and mumbles some strange words.
You are confused.
Found a stone staircase leading down.
You bump into the rock wall.
The hobgoblin hits you.
* * * LOW HITPOINT WARNING * * *
Sigmund gestures at himself while chanting.
Sigmund flickers and vanishes!
Deactivating autopickup; reactivate with Ctrl-A.
The hobgoblin closely misses you. The hobgoblin misses you.
The hobgoblin hits you.
* * * LOW HITPOINT WARNING * * *
Something completely misses you.
You closely miss something.
You feel less confused. The hobgoblin hits you.
* * * LOW HITPOINT WARNING * * *
The hobgoblin hits you.
* * * LOW HITPOINT WARNING * * *
Something completely misses you. The hobgoblin closely misses you.
There is a stone staircase leading up here.
Something hits you.
You die...

#..........###.....#
.........!.(..#
>.....#.#..##.#
#.#..#.......##.#
.....##...##.##.#
#.........##.##.#
#.##.##......##.# #
###g#####.####
#..@..# #....#
#.....# ####.#
#.....# ###.####
#.....# #<.....#
#.....# #.#.##.#
####### #.#.##.#
#...##.# #..###.#
#..###.#


You could see a hobgoblin.

Vanquished Creatures
  2 dart slugs (D:1)
  3 leopard geckos
  2 goblins (D:1)
  3 hobgoblins (D:1)
  4 jackals (D:1)
  A kobold (D:1)
  5 bats
  5 rats (D:1)
25 creatures vanquished.

Notes
Turn   | Place    | Note
-------+----------+-------------------------------------------
     0 | D:1      | siradein the Ogre Gladiator began the quest for the Orb.
     0 | D:1      | Reached XP level 1. HP: 22/22 MP: 1/1
    90 | D:1      | Reached skill level 3 in Maces & Flails
   141 | D:1      | Reached XP level 2. HP: 29/29 MP: 2/2
   879 | D:1      | Reached XP level 3. HP: 36/36 MP: 3/3
  1115 | D:2      | Noticed Sigmund
  1135 | D:2      | HP: 1/36 [hobgoblin (4)]
  1139 | D:2      | Slain by Sigmund

Illustrated notes

Levels and vault maps discovered:
D:1:      lemuel_arrival_room, layout_loops_ring, dk_noncrumbling_4
D:2:      layout_loops_cross, uniq_sigmund

Skill      XL: |  1 |
---------------+----+-----
Maces & Flails | 3 |  3.9
Fighting       | |  2.6
Throwing       | |  2.0
Dodging        | |  2.6

Action                   || total
-------------------------++-------
Melee: Flail             ||    86
Armor: Robe              ||    27
Dodge: Dodged            ||    63

Table legend: (Time is in decaauts)
 A = Elapsed time spent in this place.
 B = Non-inter-level travel time spent in this place.
 C = Inter-level travel time spent in this place.
 D = Time resting spent in this place.
 E = Time spent auto-exploring this place.
 F = Levels seen in this place.
 G = Mean time per level.
                   A        B        C        D        E       F      G
               +--------+--------+--------+--------+--------+-----+--------+
         Total |   1158 |   1115 |     43 |      0 |    912 |   2 |  579.0 |
       Dungeon |   1158 |   1115 |     43 |      0 |    912 |   2 |  579.0 |
               +--------+--------+--------+--------+--------+-----+--------+

Top non-repeatable levels by time:
     D:1: 1024 daAuts
     D:2: 133 daAuts
